 Dungeon Crawl Stone Soup version 0.31.0-11-ge490571c62 (webtiles) character file.

Game seed: 237016152441080179

74 qw the Shooter (level 4, 0/22 HPs)
             Began as a Spriggan Hunter on Feb 3, 2024.
             Frozen to death by an endoplasm (2 damage)
             ... on level 3 of the Dungeon.
             The game lasted 00:00:04 (1298 turns).

qw the Shooter (Spriggan Hunter)                    Turns: 1298, Time: 00:00:05

Health: 0/22       AC:  4    Str:  7    XL:     4   Next: 9%
Magic:  5/5        EV: 24    Int: 10    God:
Gold:   106        SH:  0    Dex: 20    Spells: 3/3 levels left

rFire   . . .        a - +0 shortbow
rCold   . . .        (shield currently unavailable)
rNeg    . . .        c - +0 robe
rPois   .            (helmet restricted)
rElec   .            b - +1 cloak
rCorr   .            (gloves unavailable)
SInv    +            (boots unavailable)
Will    .....        (no amulet)
Stlth   ++           e - +5 ring of evasion
HPRegen 0.23/turn    (no ring)
MPRegen 0.09/turn

%: no passive effects
@: about to teleport, very quick
A: very small, no large weapons, unfitting armour, see invisible, speed 3
a: no special abilities


You were on level 3 of the Dungeon.
You visited 1 branch of the dungeon, and saw 3 of its levels.

You collected 106 gold pieces.


Innate Abilities, Weirdness & Mutations

You are very small and have problems with some larger weapons.
You are too small for most types of armour.
You have supernaturally acute eyesight. (SInv)
You cover ground extremely quickly. (Speed+++)


   Skills:
 - Level 1.5 Fighting
 - Level 5.2 Ranged Weapons
 + Level 4.0 Dodging
 - Level 1.5 Stealth


You had 3 spell levels left.
You didn't know any spells.
Your spell library was empty.

Inventory:

Hand Weapons
 a - a +0 shortbow (weapon)
Armour
 b - a +1 cloak (worn)
 c - a +0 robe (worn)
Jewellery
 e - a +5 ring of evasion (left hand)
Potions
 d - 3 potions of curing
 f - a potion of might {unknown}

Dungeon Overview and Level Annotations

Branches:
Dungeon (3/15)

Altars:


Message History

The orc completely misses you.
You shoot an arrow. The arrow hits the orc.
You kill the orc!
The bat hits you but does no damage.
You shoot an arrow.
The arrow closely misses the orc wizard.
The bat completely misses you.
The orc wizard gestures at you while chanting.
The puff of flame hits you!
Ouch! That really hurt!
The orc wizard points at you and mumbles some strange words.
You resist with some effort.
You shoot an arrow.
The arrow closely misses the orc wizard.
The bat barely misses you.
The orc wizard hits you but does no damage.
The endoplasm misses you.
You shoot an arrow. The arrow barely misses the orc wizard.
The orc wizard closely misses you. The endoplasm misses you.
You shoot an arrow.
The arrow hits the orc wizard but does no damage.
The orc wizard is heavily wounded.
The orc wizard closely misses you. The endoplasm freezes you.
You are frozen.
A giant cockroach comes into view.
You shoot an arrow. The arrow hits the orc wizard!
You kill the orc wizard!
The bat completely misses you. The endoplasm freezes you.
You are frozen.
Your Ranged Weapons skill increases to level 5!
You have reached level 4!
1298 ||| READING scroll of teleportation.
As you read the scroll of teleportation, it crumbles to dust.
You feel strangely unstable. The bat misses you. The endoplasm freezes you.
You are frozen.
You die...

#... #....#...###
#...##...........
#..#/.#..>.......
#........B.......
#.......<....?..
#.#............
#..Jo.....###
#....#J)b####
#....?#@###
#.....#.#
#....J#.#
#####...# #..##
... .. #.#


You could see an orc, 2 endoplasms, a giant cockroach and a bat.

Vanquished Creatures
  An orc wizard (D:3)
  A ribbon worm (D:2)
  3 orcs (D:3)
  2 ball pythons
  4 endoplasms
  4 giant cockroaches
  6 goblins
  2 hobgoblins
  4 jackals (D:2)
  2 quokkas (D:1)
  3 bats (D:1)
  5 frilled lizards (D:1)
  A kobold (D:2)
  3 rats (D:1)
41 creatures vanquished.

Notes
Turn   | Place    | Note
-------+----------+-------------------------------------------
     0 | D:1      | qw the Spriggan Hunter began the quest for the Orb.
     0 | D:1      | Reached XP level 1. HP: 10/10 MP: 2/2
     0 | D:1      | 0 ||| qw: Version: 0.3-a-157-g843a77d
     0 | D:1      | 0 ||| qw: Game counter: 3874
     0 | D:1      | 0 ||| qw: Melee chars always use a shield: true
     0 | D:1      | 0 ||| qw: God list: Okawaru
     0 | D:1      | 0 ||| qw: Allow faded altars: false
     0 | D:1      | 0 ||| qw: Do Orc after clearing Dungeon:15 true
     0 | D:1      | 0 ||| qw: Do second Lair branch before Depths: true
     0 | D:1      | 0 ||| qw: Lair rune preference: random
     0 | D:1      | 0 ||| qw: Goals: Normal
     0 | D:1      | 0 ||| PLANNING D:1-11
    39 | D:1      | Reached skill level 3 in Dodging
    62 | D:1      | 62 ||| DROPPING scroll of butterflies.
    97 | D:1      | Reached XP level 2. HP: 14/14 MP: 3/3
   104 | D:1      | 104 ||| READING scroll labelled EHYIROH IDOU.
   104 | D:1      | 104 ||| IDENTIFYING yellow potion
   613 | D:1      | 613 ||| UPGRADING to +0 cloak.
   618 | D:1      | 618 ||| UPGRADING to +5 ring of evasion.
   796 | D:2      | Reached XP level 3. HP: 17/18 MP: 4/4
  1248 | D:2      | 1248 ||| READING scroll labelled WAGIOKEATY.
  1248 | D:2      | 1248 ||| ENCHANTING +0 cloak.
  1249 | D:2      | 1249 ||| READING scroll labelled FITUV ERANE.
  1250 | D:2      | 1250 ||| READING 2 scrolls labelled FOUSUORENNA.
  1254 | D:2      | 1254 ||| READING scroll labelled TUIVIREDU.
  1279 | D:3      | 1279 ||| PLANNING SEWER
  1281 | D:3      | 1281 ||| RETREEEEATING.
  1282 | D:3      | 1282 ||| RETREEEEATING.
  1284 | D:3      | 1284 ||| RETREEEEATING.
  1287 | D:3      | 1287 ||| RETREEEEATING.
  1297 | D:3      | HP: 2/18 [frozen (5)]
  1298 | D:3      | Reached skill level 5 in Ranged Weapons
  1298 | D:3      | Reached XP level 4. HP: 2/22 MP: 5/5
  1298 | D:3      | 1298 ||| READING scroll of teleportation.
  1298 | D:3      | Frozen to death by an endoplasm

Levels and vault maps discovered:
D:1:      tarquinn_simple_flora_water_f, layout_loops_ring, serial_glass,
          glass_columns_b, glass_columns_a, glass_columns_c, glass_columns_b,
          glass_columns_a, glass_columns_b, glass_columns_c, glass_columns_a,
          glass_columns_c, glass_columns_c, due_unseen_surprise,
          minmay_lizard_pond
D:2:      layout_basic
D:3:      layout_rooms, gup_sewer_entry_glass, hangedman_decor_growths,
          minmay_starry_boxes

Skill      XL: |  1  2  3 |
---------------+----------+-----
Dodging        | 3 4 |  4.0
Ranged Weapons | 5 |  5.2
Fighting       | |  1.5
Stealth        | |  1.5

Action                     |  1- 3 |  4- 6 || total
---------------------------+-------+-------++-------
   Fire: Shortbow          |    85 |       ||    85
    Use: Scroll            |     5 |     1 ||     6
 Armour: Robe              |    11 |       ||    11
  Dodge: Dodged            |    34 |     1 ||    35

Table legend:
 A = Non-vault XP
 B = Vault XP
 C = Vault XP percentage of total XP
 D = Non-vault monster count
 E = Vault monster count
 F = Vault count percentage of total count
                 A         B        C        D         E       F
            +---------+---------+-------+---------+---------+-------
      Total |     101 |       5 |   4.7 |      36 |       5 |  12.2
            +---------+---------+-------+---------+---------+-------
        D:1 |      27 |       5 |  15.6 |      17 |       5 |  22.7
        D:2 |      29 |       0 |   0.0 |      14 |       0 |   0.0
        D:3 |      45 |       0 |   0.0 |       5 |       0 |   0.0
            +---------+---------+-------+---------+---------+-------
